 Dungeon Crawl Stone Soup version 0.16-a0-4008-gc88e425 (webtiles) character file.

214623 Ololoev the Cloud Mage (level 18, -1/116 HPs)
             Began as a High Elf Air Elementalist on Feb 13, 2015.
             Was the Champion of Vehumet.
             Slain by a golden dragon simulacrum (37 damage)
             ... led by a necromancer
             ... on level 1 of the Depths on Feb 16, 2015.
             The game lasted 04:41:28 (43825 turns).

Ololoev the Cloud Mage (High Elf Air Elementalist) Turns: 43825, Time: 04:41:32

Health: -1/116     AC: 16    Str:  9    XL:     18   Next: 30%
Magic:  38/39      EV: 21    Int: 36    God:    Vehumet [******]
Gold:   1078       SH:  9    Dex: 24    Spells: 8 memorised, 4 levels left

rFire  + . .     SeeInvis +     a - +2 short sword "Throbom" {venom, Noisy +Blink rF++ Int+3}
rCold  . . .     Clarity  .     z - +2 robe {Archmagi}
rNeg   . . .     SustAb   .     u - +3 buckler {rPois}
rPois  +         Gourm    +     T - +2 helmet {Int+3}
rElec  +         Spirit   .     y - +2 cloak
rCorr  .         Warding  .     D - +2 pair of gloves {archery}
rMut   .         Stasis   .     H - +2 pair of boots
MR     +....                    w - amulet of the gourmand
Stlth  +++.......               G - ring "Ahifushre" {rElec rF- Str+2 Int+2 Dex+7 SInv}
                                C - ring of wizardry

@: repel missiles, somewhat resistant to hostile enchantments, fairly stealthy
A: no striking features
a: Renounce Religion, Evoke Blink
}: 1/15 runes: decaying


You were on level 1 of the Depths.
You worshipped Vehumet.
Vehumet was exalted by your worship.
You were very full.

You visited 7 branches of the dungeon, and saw 38 of its levels.
You visited the Abyss 1 time.
You visited 1 bazaar.
You also visited: Labyrinth and Ice Cave.

You collected 3787 gold pieces.
You spent 2709 gold pieces at shops.

Notes
Turn   | Place    | Note
--------------------------------------------------------------
     0 | D:1      | Ololoev, the High Elf Air Elementalist, began the quest for the Orb.
     0 | D:1      | Reached XP level 1. HP: 11/11 MP: 4/4
   403 | D:1      | Reached XP level 2. HP: 17/17 MP: 4/6
   527 | D:1      | Reached skill level 4 in Air Magic
   684 | D:1      | Learned a level 2 spell: Swiftness
   687 | D:1      | Learned a level 2 spell: Repel Missiles
   920 | D:1      | Reached XP level 3. HP: 21/21 MP: 2/8
  1164 | D:2      | Noticed Ijyb
  1176 | D:2      | Killed Ijyb
  1183 | D:2      | Found a stormy altar of Qazlal.
  1240 | D:2      | Noticed a water elemental
  1241 | D:2      | Noticed an earth elemental
  1241 | D:2      | Noticed a fire elemental
  1241 | D:2      | Noticed an air elemental
  1423 | D:2      | Reached XP level 4. HP: 27/27 MP: 8/11
  2216 | D:3      | Found a radiant altar of Vehumet.
  2234 | D:3      | Became a worshipper of Vehumet
  2290 | D:3      | Noticed Grinder
  2312 | D:3      | Killed Grinder
  2312 | D:3      | Reached skill level 5 in Conjurations
  2312 | D:3      | Reached skill level 5 in Air Magic
  2312 | D:3      | Reached XP level 5. HP: 19/31 MP: 5/12
  2312 | D:3      | Reached XP level 6. HP: 22/36 MP: 6/15
  2490 | D:3      | Noticed Sigmund
  2544 | D:3      | Found a sacrificial altar of Ru.
  3015 | D:3      | Noticed Crazy Yiuf
  3037 | D:3      | Killed Crazy Yiuf
  3082 | D:3      | Learned a level 5 spell: Lightning Bolt
  3192 | D:4      | Found a glowing silver altar of Zin.
  3209 | D:4      | Reached skill level 6 in Air Magic
  3260 | D:4      | D4 need desintegration
  3473 | D:4      | Reached XP level 7. HP: 22/41 MP: 14/17
  4025 | D:4      | Reached skill level 7 in Air Magic
  4253 | D:4      | Found an iron altar of Okawaru.
  4339 | D:4      | Found a bloodstained altar of Trog.
  4558 | D:5      | Entered Level 5 of the Dungeon
  4670 | D:5      | Acquired Vehumet's first power
  4670 | D:5      | Offered knowledge of Sting by Vehumet.
  4803 | D:5      | Reached XP level 8. HP: 46/46 MP: 16/20
  4898 | D:5      | Reached skill level 8 in Air Magic
  5070 | D:5      | Found a sparkling altar of Nemelex Xobeh.
  5539 | D:6      | Found Olommo's Assorted Antiques.
  5549 | D:6      | Bought a shiny granite ring for 135 gold pieces
  5561 | D:6      | Found Afeis' Gadget Shop.
  5593 | D:6      | Noticed Menkaure
  5598 | D:6      | Killed Menkaure
  5764 | D:6      | Noticed Dowan
  5797 | D:6      | Killed Dowan
  5800 | D:6      | Noticed Duvessa
  5947 | D:6      | Noticed Edmund
  5956 | D:6      | Killed Edmund
  5956 | D:6      | Reached skill level 9 in Air Magic
  5966 | D:6      | Killed Duvessa
  6076 | D:6      | Found a burning altar of Makhleb.
  6464 | D:7      | Found a staircase to the Ecumenical Temple.
  6515 | D:7      | Reached skill level 5 in Spellcasting
  6595 | D:7      | Reached XP level 9. HP: 51/51 MP: 17/24
  6605 | D:7      | Offered knowledge of Flame Tongue by Vehumet.
  6929 | D:7      | Reached skill level 10 in Air Magic
  7017 | D:7      | Found a snail-covered altar of Cheibriados.
  7386 | D:8      | Reached skill level 1 in Shields
  7532 | D:8      | Found an opulent altar of Gozag.
  7568 | D:8      | Found a glowing silver altar of Zin.
  7573 | D:8      | Offered knowledge of Dazzling Spray by Vehumet.
  7745 | D:9      | Found Umukh's Magic Scroll Boutique.
  7758 | D:9      | Noticed Psyche
  7770 | D:9      | Cast into the Abyss (Psyche)
  7808 | Abyss:1  | Noticed a large abomination
  7810 | D:9      | Escaped the Abyss
  8137 | D:9      | Bought a scroll of random uselessness for 13 gold pieces
  8137 | D:9      | Bought a scroll of immolation for 45 gold pieces
  8137 | D:9      | Bought a scroll of holy word for 97 gold pieces
  8137 | D:9      | Bought a scroll of recharging for 123 gold pieces
  8191 | D:9      | Acquired Vehumet's second power
  8191 | D:9      | Reached skill level 10 in Conjurations
  8256 | D:9      | Learned a level 3 spell: Conjure Flame
  8260 | D:9      | Learned a level 3 spell: Dazzling Spray
  8323 | D:9      | Reached skill level 11 in Air Magic
  8382 | D:9      | Reached XP level 10. HP: 56/56 MP: 23/27
  8849 | D:9      | Offered knowledge of Throw Icicle by Vehumet.
  8895 | D:9      | Learned a level 4 spell: Throw Icicle
  8950 | D:9      | Noticed a centaur skeleton
  8963 | D:9      | Killed a centaur skeleton
  9427 | D:9      | Learned a level 3 spell: Flight
  9646 | D:10     | Entered Level 10 of the Dungeon
  9647 | D:10     | Noticed Sonja
  9803 | D:10     | Found Poewoasa's Book Shop.
  9850 | D:10     | Found Liecorys' Elemental Accessories.
  9862 | D:10     | Reached skill level 12 in Air Magic
 10158 | D:10     | Killed Psyche
 10227 | D:10     | Acquired Vehumet's third power
 10466 | D:10     | Offered knowledge of Force Lance by Vehumet.
 10581 | D:10     | Found a staircase to the Orcish Mines.
 10811 | D:10     | Noticed an unseen horror
 11013 | D:10     | Killed an unseen horror
 11013 | D:10     | Reached XP level 11. HP: 57/61 MP: 17/29
 11576 | D:11     | Reached skill level 1 in Ice Magic
 11576 | D:11     | Reached skill level 13 in Air Magic
 12087 | D:10     | Killed Sonja
 12241 | D:11     | Noticed an anubis guard
 12275 | D:11     | Gained mutation: You are weak. (Str -2) [mutagenic meat]
 12701 | D:11     | Offered knowledge of Ignite Poison by Vehumet.
 12773 | D:11     | Gained mutation: You have a pair of small antennae on your head. [mutagenic meat]
 12774 | D:11     | Gained mutation: You have difficulty communicating with the divine. [mutagenic meat]
 12807 | D:11     | Gained mutation: You are dopey. (Int -2) [potion of mutation]
 12807 | D:11     | Gained mutation: You are very weak. (Str -4) [potion of mutation]
 12852 | D:11     | Gained mutation: You have an increased reservoir of magic (+10% MP). [potion of beneficial mutation]
 12853 | D:11     | Lost mutation: You are very weak. (Str -4) [potion of cure mutation]
 12853 | D:11     | Lost mutation: You are weak. (Str -2) [potion of cure mutation]
 12854 | D:11     | Lost mutation: You are dopey. (Int -2) [potion of cure mutation]
 12854 | D:11     | Lost mutation: You have a pair of small antennae on your head. [potion of cure mutation]
 12854 | D:11     | Lost mutation: You have difficulty communicating with the divine. [potion of cure mutation]
 12854 | D:11     | Lost mutation: You have an increased reservoir of magic (+10% MP). [potion of cure mutation]
 12944 | D:11     | Noticed a hill giant
 12969 | D:11     | Killed a hill giant
 13163 | D:11     | Found a staircase to the Lair.
 13263 | D:11     | Reached skill level 5 in Ice Magic
 13296 | D:11     | Noticed an unseen horror
 13313 | D:11     | Killed an unseen horror
 13471 | D:11     | Found a glowing silver altar of Zin.
 13842 | D:11     | Reached skill level 1 in Fighting
 14290 | Lair:1   | Entered Level 1 of the Lair of Beasts
 14385 | Lair:1   | Reached XP level 12. HP: 70/70 MP: 13/31
 14608 | Lair:1   | Reached skill level 1 in Evocations
 15262 | Lair:1   | Got a dazzling falchion
 15263 | Lair:1   | Identified the +3 falchion "Ifasuask" {pain, Int+4 Stlth+} (You found it on level 1 of the Lair of Beasts)
 15729 | Lair:2   | Found a labyrinth entrance.
 15743 | Lab      | Entered a labyrinth
 15964 | Lab      | Noticed a minotaur
 15972 | Lab      | Killed a minotaur
 16002 | Lab      | Got a bound jade ring
 16002 | Lab      | Got a shimmering lapis lazuli ring
 16003 | Lab      | Got a shimmering morningstar
 16005 | Lab      | Identified the +0 morningstar of Infection {crush, rN+ MR+} (You found it in a labyrinth)
 16020 | Lab      | Identified the ring "Ahifushre" {rElec rF- Str+2 Int+2 Dex+7 SInv} (You found it in a labyrinth)
 16022 | Lab      | Identified the ring "Fupips" {Str+2 Dex+5} (You found it in a labyrinth)
 16235 | Lair:2   | Noticed esc's ghost (powerful TrMo)
 16824 | Lair:2   | Noticed a seven-headed hydra
 17044 | Lair:2   | Killed a seven-headed hydra
 17647 | Lair:3   | Reached skill level 14 in Air Magic
 18402 | Lair:4   | Noticed a five-headed hydra
 18410 | Lair:4   | Killed a five-headed hydra
 18447 | Lair:4   | Noticed esc's ghost (powerful MiGl)
 18464 | Lair:4   | Killed esc's ghost
 18464 | Lair:4   | Reached skill level 5 in Evocations
 18838 | Lair:4   | Reached XP level 13. HP: 81/81 MP: 6/32
 18933 | Lair:4   | Got a smoking war axe
 18934 | Lair:4   | Identified the +5 war axe of Untruth {elec, rC+ Str+2} (You found it on level 4 of the Lair of Beasts)
 18938 | Lair:4   | Upgraded the game from 0.16-a0-3994-gbbee317 to 0.16-a0-4002-g2d13b8e
 19210 | Lair:4   | Found a staircase to the Swamp.
 19372 | Lair:4   | Found a hole to the Spider Nest.
 19632 | Lair:4   | Offered knowledge of Ozocubu's Refrigeration by Vehumet.
 19796 | Lair:5   | Learned a level 6 spell: Ozocubu's Refrigeration
 19803 | Lair:5   | Noticed Snorg
 20576 | Lair:5   | Killed Snorg
 20576 | Lair:5   | Reached skill level 5 in Fighting
 20892 | Lair:5   | Reached skill level 5 in Dodging
 21811 | Lair:6   | Reached skill level 1 in Armour
 22588 | Lair:7   | Reached skill level 10 in Ice Magic
 22859 | Lair:6   | Offered knowledge of Conjure Ball Lightning by Vehumet.
 23098 | D:11     | Learned a level 6 spell: Conjure Ball Lightning
 24177 | Lair:8   | Entered Level 8 of the Lair of Beasts
 24217 | Lair:8   | Reached skill level 15 in Air Magic
 24311 | Lair:8   | Reached XP level 14. HP: 90/90 MP: 30/32
 24317 | Lair:8   | Noticed Fannar
 24321 | Lair:8   | Killed Fannar
 24605 | Lair:8   | Found a staircase to the Slime Pits.
 25254 | Lair:8   | Offered knowledge of Delayed Fireball by Vehumet.
 25754 | Lair:8   | Got a crude leather armour
 25765 | Lair:8   | Identified the +4 leather armour of the Game of Kings {Contam rPois- rCorr Int+4 Dex+2} (You found it on level 8 of the Lair of Beasts)
 25779 | Lair:8   | Upgraded the game from 0.16-a0-4002-g2d13b8e to 0.16-a0-4008-gc88e425
 26309 | D:9      | Bought a scroll of identify for 26 gold pieces
 26309 | D:9      | Bought a scroll of identify for 26 gold pieces
 26309 | D:9      | Bought a scroll of identify for 26 gold pieces
 26420 | D:10     | Bought a book of Clouds for 675 gold pieces
 26525 | D:9      | Bought a scroll of amnesia for 45 gold pieces
 26548 | D:9      | Bought 3 scrolls of amnesia for 136 gold pieces
 26556 | D:9      | Learned a level 6 spell: Freezing Cloud
 26677 | D:10     | Noticed a hill giant
 26681 | D:10     | Killed a hill giant
 26717 | Orc:1    | Entered Level 1 of the Orcish Mines
 26800 | Orc:1    | Noticed Eustachio
 26804 | Orc:1    | Killed Eustachio
 27606 | Orc:3    | Offered knowledge of Bolt of Cold by Vehumet.
 27614 | Orc:3    | Learned a level 6 spell: Bolt of Cold
 27653 | Orc:3    | Found a staircase to the Elven Halls.
 28181 | Orc:4    | Entered Level 4 of the Orcish Mines
 28397 | Orc:4    | Offered knowledge of Spellforged Servitor by Vehumet.
 28677 | Orc:4    | Reached skill level 10 in Spellcasting
 28846 | Orc:4    | Reached XP level 15. HP: 97/97 MP: 22/35
 28850 | Orc:4    | Paralysed by an orc sorcerer for 7 turns
 28895 | Orc:4    | Found Coar Luo's Antique Armour Boutique.
 28895 | Orc:4    | Found Tujo's Distillery.
 28911 | Orc:4    | Found Enlota's Magic Scroll Shoppe.
 28912 | Orc:4    | Found Gauwaroa's Magic Scroll Boutique.
 28918 | Orc:4    | Bought a potion of restore abilities for 80 gold pieces
 28918 | Orc:4    | Bought a potion of magic for 128 gold pieces
 28918 | Orc:4    | Bought a potion of brilliance for 64 gold pieces
 28926 | Orc:4    | Bought a scroll of identify for 24 gold pieces
 28929 | Orc:4    | Bought a faintly glowing leather armour for 231 gold pieces
 28930 | Orc:4    | Identified the +3 leather armour "Casij" {rPois+ Str+7} (You bought it in a shop on level 4 of the Orcish Mines)
 28933 | Orc:4    | Bought a warped ring mail for 297 gold pieces
 28935 | Orc:4    | Bought a scroll of identify for 28 gold pieces
 28935 | Orc:4    | Identified the cursed -1 ring mail "Kial" {+Blink Dex+3 SInv} (You bought it in a shop on level 4 of the Orcish Mines)
 28937 | Orc:4    | Bought a scroll of silence for 90 gold pieces
 28945 | Orc:4    | Bought a scroll of identify for 24 gold pieces
 29268 | Orc:3    | Offered knowledge of Orb of Destruction by Vehumet.
 29300 | Orc:3    | Learned a level 7 spell: Orb of Destruction
 29815 | Elf:1    | Entered Level 1 of the Elven Halls
 30269 | Elf:1    | Identified a scroll of acquirement
 30371 | Elf:1    | Noticed Azrael
 30381 | Elf:1    | Killed Azrael
 31149 | Elf:2    | Found a flickering gateway to a bazaar.
 31166 | Bazaar   | Entered a bazaar
 31166 | Bazaar   | Found Vong's General Store.
 31166 | Bazaar   | Found Klerum's General Store.
 31186 | Bazaar   | Found Adoxtot's General Store.
 31186 | Bazaar   | Found Smaun's General Store.
 31208 | Bazaar   | Found Zihexeh's General Store.
 31208 | Bazaar   | Found Poezujul's General Store.
 31230 | Bazaar   | Found Mnus' General Store.
 31230 | Bazaar   | Found Pnoi's General Store.
 31286 | Bazaar   | Bought a +2 buckler of protection for 236 gold pieces
 31286 | Bazaar   | Bought a scroll of identify for 22 gold pieces
 31301 | Bazaar   | Bought a scroll of magic mapping for 45 gold pieces
 31325 | Bazaar   | Bought a scroll of magic mapping for 59 gold pieces
 31325 | Bazaar   | Bought a scroll of identify for 34 gold pieces
 31374 | Elf:2    | Got a twisted short sword
 31375 | Elf:2    | Identified the cursed +2 short sword "Throbom" {venom, Noisy +Blink rF++ Int+3} (You found it on level 2 of the Elven Halls)
 31446 | Elf:2    | Got a twisted plate armour
 31448 | Elf:2    | Identified the cursed -4 plate armour of the Mutiny {rPois- rF+ rC+ rCorr Int-3} (You found it on level 2 of the Elven Halls)
 31734 | Elf:2    | Reached skill level 16 in Air Magic
 31749 | Elf:2    | Found a huge runed gate.
 31749 | Elf:2    | Found a huge runed gate.
 31749 | Elf:2    | Found a huge runed gate.
 32121 | Orc:3    | Offered knowledge of Glaciate by Vehumet.
 32121 | Orc:3    | Offered knowledge of Chain Lightning by Vehumet.
 32121 | Orc:3    | Offered knowledge of Tornado by Vehumet.
 32257 | D:12     | Noticed an eight-headed hydra
 32259 | D:12     | Killed an eight-headed hydra
 32269 | D:12     | Noticed a fire dragon
 32272 | D:12     | Killed a fire dragon
 32328 | D:12     | Reached skill level 15 in Conjurations
 32338 | D:12     | Noticed a seven-headed hydra
 32342 | D:12     | Killed a seven-headed hydra
 32929 | D:13     | Learned a level 1 spell: Apportation
 32974 | D:13     | Reached skill level 1 in Translocations
 33503 | D:14     | Reached XP level 16. HP: 103/103 MP: 23/36
 33706 | D:14     | Found a gate to the Vaults.
 33729 | D:14     | Found Ocleremp's Assorted Antiques.
 33734 | D:14     | Found Seicveir's Antique Armour Boutique.
 33762 | D:14     | Reached skill level 17 in Air Magic
 33866 | D:14     | Found Aruviofala's Jewellery Shoppe.
 34256 | D:15     | Entered Level 15 of the Dungeon
 34709 | D:15     | Found a staircase to the Depths.
 34727 | D:15     | Reached skill level 5 in Translocations
 35457 | Spider:1 | Entered Level 1 of the Spider Nest
 35705 | Spider:1 | Reached skill level 18 in Air Magic
 36264 | Spider:2 | Learned a level 9 spell: Tornado
 36637 | Spider:2 | Noticed Arachne
 36661 | Spider:2 | Killed Arachne
 36823 | Spider:2 | Reached skill level 19 in Air Magic
 37038 | Spider:3 | Noticed Mara
 37204 | Swamp:1  | Entered Level 1 of the Swamp
 37238 | Swamp:1  | Noticed Warspiderx's ghost (powerful TrFi)
 37248 | Swamp:1  | Killed Warspiderx's ghost
 37505 | Swamp:1  | Noticed Asterion
 37509 | Swamp:1  | Killed Asterion
 37509 | Swamp:1  | Reached XP level 17. HP: 108/108 MP: 38/38
 37702 | Swamp:1  | Reached skill level 20 in Air Magic
 38914 | Swamp:2  | Reached skill level 21 in Air Magic
 40351 | Swamp:4  | Found a frozen archway.
 40425 | IceCv    | Entered an ice cave
 40867 | IceCv    | Got a pair of pitted boots
 40878 | IceCv    | Identified the -2 pair of boots "Yxat Haosui" {rN+ Dex+2} (You acquired it in an ice cave)
 40906 | IceCv    | Reached skill level 22 in Air Magic
 42278 | Swamp:5  | Entered Level 5 of the Swamp
 42890 | Swamp:5  | Reached XP level 18. HP: 107/114 MP: 17/38
 42938 | Swamp:5  | Noticed Nikola
 42944 | Swamp:5  | Killed Nikola
 43004 | Swamp:5  | Noticed the 27-headed Lernaean hydra
 43016 | Swamp:5  | Killed the 27-headed Lernaean hydra
 43401 | Swamp:5  | Got a decaying rune of Zot
 43815 | Depths:1 | Entered Level 1 of the Depths
 43825 | Depths:1 | Slain by a golden dragon simulacrum

Inventory:

Hand weapons
 a - the +2 short sword "Throbom" (weapon) {venom, Noisy +Blink rF++ Int+3}
   (You found it on level 2 of the Elven Halls)

   It poisons the flesh of those it strikes.
   It affects your intelligence (+3).
   It greatly protects you from fire.
   It lets you blink.
   It may make noises in combat.
Armour
 u - a +3 buckler of poison resistance (worn)
 y - a +2 cloak (worn)
 z - a +2 robe of the Archmagi (worn)
 D - a +2 pair of gloves of archery (worn)
 H - a +2 pair of boots (worn)
 Q - a +2 troll leather armour {Snorg}
 T - a +2 helmet of intelligence (worn)
Magical staves
 b - an uncursed staff of energy
Jewellery
 i - a cursed amulet of clarity
 w - an amulet of the gourmand (around neck)
 C - a ring of wizardry (left hand)
 G - the ring "Ahifushre" (right hand) {rElec rF- Str+2 Int+2 Dex+7 SInv}
   (You found it in a labyrinth)

   [ring of strength]

   It affects your strength (+2).
   It affects your intelligence (+2).
   It affects your dexterity (+7).
   It makes you vulnerable to fire.
   It insulates you from electricity.
   It enhances your eyesight.
 K - a +3 ring of protection
 S - an uncursed ring of teleportation
Magical devices
 v - a wand of digging (5)
 I - a wand of teleportation (4)
 U - a wand of heal wounds (2)
Scrolls
 f - 4 scrolls of blinking
 l - 5 scrolls of fear
 n - 7 scrolls of fog
 o - 2 scrolls of immolation
 p - 13 scrolls of remove curse
 A - 8 scrolls of magic mapping
 J - 12 scrolls of teleportation
 L - a scroll of amnesia
 N - 4 scrolls of recharging
 R - 3 scrolls of summoning
Potions
 d - 2 potions of restore abilities
 e - 2 potions of agility
 g - 4 potions of cancellation
 h - 6 potions of haste
 j - a potion of cure mutation
 k - 4 potions of magic
 q - 12 potions of curing
 r - 4 potions of heal wounds
 B - 2 potions of brilliance
Miscellaneous
 m - a legendary deck of escape {the Tomb}
 x - a fan of gales
Comestibles
 c - 22 bread rations
 s - 30 fruits
 t - 6 beef jerkies
 E - 7 royal jellies
 M - 10 meat rations

Table legend:
 A = Turns spent in this place as a percentage of turns spent in the entire game.
 B = Non-inter-level travel turns spent in this place as a percentage of non-inter-level travel turns spent in the entire game.
 C = Inter-level travel turns spent in this place as a percentage of turns spent in this place.
 D = Turns resting spent in this place as a percentage of non-inter-level travel turns spent in this place.
 E = Turns spent auto-exploring this place as a percentage of non-inter-level travel turns spent in this place.
 F = Non-inter-level travel turns spent in this place divided by the number of levels of this place that you've seen.
                   A       B       C       D       E      F
               +-------+-------+-------+-------+-------+----------------------
         Total | 100.0 | 100.0 |   0.8 |   6.7 |   9.0 | 300.8
       Dungeon |  38.2 |  38.1 |   1.1 |   9.4 |  10.0 | 320.7
          Lair |  23.6 |  23.6 |   0.8 |   6.4 |   7.7 | 373.2
         Swamp |  11.3 |  11.3 |   0.5 |   4.0 |   8.5 | 286.6
   Spider Nest |   4.7 |   4.7 |   0.5 |   3.0 |   7.1 | 197.0
  Orcish Mines |   9.7 |   9.7 |   1.1 |   4.5 |  15.7 | 306.2
   Elven Halls |   4.7 |   4.7 |   0.5 |   8.1 |  11.2 | 295.0
        Depths |   0.1 |   0.1 |   0.0 |   0.0 |   0.0 |  14.0
         Abyss |   0.3 |   0.3 |   0.0 |   0.0 |   0.0 |  43.0
     Labyrinth |   2.1 |   2.1 |   0.0 |   3.0 |   0.0 | 268.0
        Bazaar |   1.2 |   1.2 |   0.0 |   0.0 |   0.0 | 154.0
      Ice Cave |   4.1 |   4.1 |   0.0 |   3.1 |   2.1 | 518.0
               +-------+-------+-------+-------+-------+----------------------


   Skills:
 * Level 8.1 Fighting
 - Level 2.0 Armour
 * Level 8.3 Dodging
 - Level 2.1 Stealth
 - Level 3.0 Shields
 + Level 12.7 Spellcasting
 + Level 15.1 Conjurations
 - Level 5.2 Translocations
 + Level 13.6 Ice Magic
 + Level 22.9 Air Magic
 - Level 6.2 Evocations


You had 4 spell levels left.
You knew the following spells:

 Your Spells              Type           Power        Failure   Level  Hunger
a - Freezing Cloud        Conj/Ice/Air   ########..   1%          6    ###....
b - Tornado               Air            ########..   1%          9    #######
c - Repel Missiles        Chrm/Air       ######       1%          2    None
d - Conjure Ball Lightni  Conj/Air       ########..   1%          6    ###....
e - Orb of Destruction    Conj           ########..   1%          7    #####..
f - Apportation           Tloc           ######....   1%          1    None
g - Throw Icicle          Conj/Ice       ########     1%          4    None
h - Flight                Chrm/Air       ########..   1%          3    None


Dungeon Overview and Level Annotations

Branches:
Dungeon (15/15)            Temple (0/1) D:7            Lair (8/8) D:11
  Swamp (5/5) Lair:4       Spider (3/5) Lair:4        Slime (0/6) Lair:8
    Orc (4/4) D:10            Elf (2/3) Orc:3        Vaults (0/5) D:14
 Depths (1/5) D:15

Altars:
Cheibriados
Gozag
Makhleb
Nemelex Xobeh
Okawaru
Qazlal
Ru
Trog
Vehumet
Zin

Shops:
D:6 }*   D:9 ?   D:10 *:   D:14 =[*   Orc:4 ??![

Annotations:
D:3 Sigmund
D:4 need desintegration
D:9 1 exclusion
Lair:2 esc's ghost, powerful TrMo
Spider:3 Mara
Elf:2 3 runed doors


Message History

You block the purple ugly thing's attack.
Unknown command.
You hit the purple ugly thing.
The purple ugly thing is poisoned.
The purple ugly thing is severely wounded.
You kill the purple ugly thing!
Vehumet accepts your kill.
You feel your power returning.
You kill the purple ugly thing!
Vehumet accepts your kill.
You feel your power returning.
You kill the purple ugly thing!
Vehumet accepts your kill.
You hear a bellow!
You hear a shout!
You hear a bellow!
You hear a bellow!
The purple ugly thing claws you!
Unknown command.
You kill the purple ugly thing!
Vehumet accepts your kill.
The purple ugly thing pecks you but does no damage.
Unknown command.
A necromancer and a simulacrum come into view.
The fire giant simulacrum vapourises!
Vehumet accepts your kill.
The winds around you start to calm down.
You float gracefully downwards.
The necromancer shouts!
Unknown command.
Use which ability? (? or * to list)
You blink.
You feel slightly less full.
A yaktaur zombie comes into view.
You are engulfed in freezing vapours.
The necromancer points at you and mumbles some strange words.
You resist with some effort. The winds around you calm down.
Use which ability? (? or * to list)
You blink.
You feel slightly less full. The necromancer casts a spell at you.
Your body is wracked with pain!
The yaktaur zombie closely misses you. The golden dragon simulacrum bites you.
The golden dragon simulacrum freezes you!!!
You die...

#+##
######..###
#....Z.ZZ.###
#....p@.u...#+#
##.$.....Z....#
#....###..<††#
###+# ##...##
##+##


You could see a purple ugly thing, a necromancer, a golden dragon simulacrum, a
fire giant simulacrum, a yaktaur zombie and a golden dragon skeleton.

Table legend:
 A = Kills in this place as a percentage of kills in entire the game.
 B = Kills by you in this place as a percentage of kills by you in the entire game.
 C = Kills by friends in this place as a percentage of kills by friends in the entire game.
 D = Other kills in this place as a percentage of other kills in the entire game.
 E = Experience gained in this place as a percentage of experience gained in the entire game.
 F = Experience gained in this place divided by the number of levels of this place that you have seen.
                   A       B       C       D       E      F
               +-------+-------+-------+-------+-------+----------------------
         Total | 100.0 | 100.0 | 100.0 | 100.0 | 100.0 | 7537.1
       Dungeon |  33.5 |  33.6 |   0.0 |   0.0 |  20.9 | 4405.6
          Lair |  20.0 |  20.0 | 100.0 |   0.0 |  21.9 | 8668.4
         Swamp |  14.6 |  14.6 |   0.0 |   0.0 |  29.6 | 18766.8
   Spider Nest |   6.8 |   6.7 |   0.0 | 100.0 |  10.4 | 10953.3
  Orcish Mines |  17.4 |  17.4 |   0.0 |   0.0 |   4.4 | 3448.5
   Elven Halls |   3.9 |   3.9 |   0.0 |   0.0 |   8.1 | 12770.5
        Depths |   0.3 |   0.3 |   0.0 |   0.0 |   0.7 | 2293.0
     Labyrinth |   0.1 |   0.1 |   0.0 |   0.0 |   0.3 | 1038.0
      Ice Cave |   3.4 |   3.4 |   0.0 |   0.0 |   3.7 | 11767.0
               +-------+-------+-------+-------+-------+----------------------

Vanquished Creatures
  the Lernaean hydra (Swamp:5)
  Arachne (Spider:2)
  Nikola (Swamp:5)
  Asterion (Swamp:1)
  2 thorn hunters
  A fire giant (D:15)
  2 deep elf sorcerers (Elf:2)
  An emperor scorpion (Spider:2)
  Azrael (Elf:1)
  The ghost of Warspiderx the Basher, a powerful TrFi of Trog (Swamp:1)
  A deep elf death mage (Elf:1)
  The ghost of esc the Minotaur Cataclysm, a powerful MiGl of Qazlal (Lair:4)
  A fire dragon (D:12)
  2 blizzard demons (IceCv)
  A minotaur (Lab)
  A rakshasa (D:13)
  Fannar (Lair:8)
  7 centaur warriors
  An ogre mage (D:14)
  2 ghost crabs
  27 hydras
  2 dancing weapons (Elf:2)
  12 alligators
  A tengu warrior (D:15)
  14 death yaks
  4 orc high priests
  3 catoblepae (Lair:8)
  5 unseen horrors
  A skeletal warrior (D:14)
  8 deep elf knights
  5 ice devils (IceCv)
  5 deep elf summoners
  4 shambling mangroves
  16 swamp dragons
  5 orc knights
  A deep elf conjurer (Elf:2)
  7 oklob plants
  8 orb spiders
  6 griffons
  3 hill giants
  13 wolf spiders
  3 cyclopes
  3 hornets
  4 orc sorcerers (Orc:4)
  3 manticores
  5 black mambas
  9 ugly things
  16 elephants
  2 gargoyles
  21 spiny frogs
  2 torpor snails
  7 centaur skeletons
  Psyche (D:10)
  6 komodo dragons
  A golden dragon simulacrum (IceCv)
  3 demonic crawlers
  7 freezing wraiths (IceCv)
  16 jumping spiders
  4 fire drakes
  2 tengu conjurers (D:12)
  A polar bear (shapeshifter) (D:15)
  2 baby alligators (Swamp:5)
  5 deep elf priests
  10 giant leeches
  Sonja (D:10)
  A polar bear (Lair:7)
  A queen bee (Spider:2)
  3 trolls
  2 anaconda simulacra (IceCv)
  15 blink frogs
  Grinder (D:3)
  4 basilisks
  5 bog bodies
  21 ravens
  10 slime creatures
  4 two-headed ogres
  A basilisk (shapeshifter) (D:11)
  4 trapdoor spiders
  A wraith (D:10)
  23 redbacks
  8 spriggans
  7 tarantellas
  A fire giant simulacrum (Depths:1)
  8 deep elf fighters
  6 centaur simulacra
  5 shadows
  2 death yak simulacra (IceCv)
  Eustachio (Orc:1)
  3 dire elephant simulacra (IceCv)
  23 deep elf magi
  42 yaks
  12 hippogriffs
  2 wyverns
  4 hungry ghosts
  26 vampire mosquitoes
  3 fire elementals (Elf:1)
  2 wargs (Orc:2)
  An iron troll simulacrum (IceCv)
  Edmund (D:6)
  A mottled dragon (D:11)
  21 water moccasins
  4 hell hounds (Elf:1)
  Menkaure (D:6)
  12 wolves
  4 insubstantial wisps (Swamp:2)
  42 swamp worms
  2 sky beasts
  4 harpy simulacra (IceCv)
  4 ice beasts
  10 spiders
  3 hydra simulacra (IceCv)
  17 porcupines
  14 swamp drakes
  13 wasps
  5 black bears
  A spider (shapeshifter) (D:11)
  6 phantoms
  5 boggarts (D:15)
  23 orc warriors
  2 necrophages
  14 ogres
  27 centaurs
  Duvessa (D:6)
  12 giant frogs
  4 big kobolds
  15 crocodiles
  2 wyvern skeletons (D:14)
  20 killer bees
  4 scorpions
  A troll zombie (D:10)
  4 wights (D:9)
  2 yak skeletons (Orc:4)
  A goliath beetle (D:7)
  11 crimson imps
  3 electric eels
  26 orc priests
  Dowan (D:6)
  14 hounds
  5 centaur zombies
  Crazy Yiuf (D:3)
  5 jellies
  6 giant frog skeletons
  7 iguanas
  42 orc wizards
  A gnoll shaman (D:10)
  A spriggan simulacrum (IceCv)
  11 worker ants
  19 sheep
  5 ogre zombies (D:10)
  A killer bee zombie (D:10)
  Ijyb (D:2)
  3 troll simulacra (IceCv)
  A hound zombie (D:8)
  3 hound skeletons
  3 mummies
  A worker ant zombie (D:11)
  56 river rats
  10 gnolls
  An ogre simulacrum (IceCv)
  2 naga simulacra (IceCv)
  4 shadow imps
  2 giant mites
  26 adders
  16 white imps
  A worm (D:3)
  5 ufetubi (IceCv)
  2 adder skeletons
  6 giant geckos
  185 orcs
  12 bats
  23 goblins
  20 hobgoblins
  6 jackals
  12 quokkas
  A ball python (D:2)
  6 giant cockroaches
  A giant gecko zombie (D:6)
  3 giant newts
  3 giant spores
  2 goblin skeletons (D:10)
  2 goblin zombies (D:10)
  A hobgoblin skeleton (D:10)
  A hobgoblin zombie (D:10)
  24 kobolds
  2 orc skeletons (D:10)
  18 orc zombies
  A quokka skeleton (D:8)
  14 rats
  7 rat skeletons (Orc:4)
  6 ballistomycetes
  28 fungi
  19 plants
1567 creatures vanquished.

Vanquished Creatures (collateral kills)
  Snorg (Lair:5)
1 creature vanquished.

Vanquished Creatures (others)
  379 ball lightnings
  A demonic crawler (Spider:2)
  2 air elementals
  A harpy simulacrum (IceCv)
  A giant spore (D:6)
  A kobold (D:13)
  A rat (D:10)
  4 rat skeletons (Orc:4)
  A ballistomycete (D:13)
  5 fungi
  9 plants
405 creatures vanquished.

Grand Total: 1973 creatures vanquished

Action                   |  1- 3 |  4- 6 |  7- 9 | 10-12 | 13-15 | 16-18 || total
-------------------------+-------+-------+-------+-------+-------+-------++-------
Melee: Unarmed           |    15 |       |       |       |       |       ||    15
       Dagger            |    18 |    14 |       |       |       |       ||    32
       Quarterstaff      |       |     3 |     2 |       |       |       ||     5
       Short sword       |       |       |    21 |       |    13 |    68 ||   102
       Flail             |       |       |    62 |   101 |       |       ||   163
       Falchion          |       |       |       |    70 |    44 |       ||   114
       Staff             |       |       |       |     1 |    64 |       ||    65
 Cast: Shock             |    46 |    73 |   248 |   252 |       |       ||   619
       Repel Missiles    |     1 |       |       |     1 |     2 |     2 ||     6
       Swiftness         |       |     2 |     1 |     3 |     1 |       ||     7
       Lightning Bolt    |       |       |    24 |    38 |     6 |       ||    68
       Conjure Flame     |       |       |     3 |    28 |       |       ||    31
       Dazzling Spray    |       |       |       |    31 |       |       ||    31
       Flight            |       |       |       |     1 |       |       ||     1
       Throw Icicle      |       |       |       |   194 |   413 |   258 ||   865
       Ozocubu's Refrige |       |       |       |       |    24 |       ||    24
       Conjure Ball Ligh |       |       |       |       |   122 |    42 ||   164
       Freezing Cloud    |       |       |       |       |    42 |    43 ||    85
       Orb of Destructio |       |       |       |       |     6 |    25 ||    31
       Bolt of Cold      |       |       |       |       |     2 |       ||     2
       Tornado           |       |       |       |       |       |    72 ||    72
 Abil: Evoke Blink       |       |       |       |       |       |     4 ||     4
Evoke: Wand              |       |       |     2 |     4 |     1 |     5 ||    12
       Fan of gales      |       |       |       |     2 |     1 |       ||     3
       Staff of energy   |       |       |       |    55 |   308 |   271 ||   634
  Use: Scroll            |       |       |    17 |    17 |    26 |    13 ||    73
       Potion            |       |       |       |     9 |     1 |     6 ||    16
 Stab: Sleeping          |     1 |       |     1 |     3 |       |     1 ||     6
  Eat: Chunk             |     2 |     6 |    17 |    39 |   103 |   108 ||   275
       Royal jelly       |       |       |     1 |     1 |       |       ||     2
       Meat ration       |       |       |     1 |     2 |       |       ||     3
       Pizza             |       |       |       |     2 |       |     3 ||     5
       Beef jerky        |       |       |       |     2 |       |       ||     2

Vault maps used:
D:1:      dpeg_arrival_arbitrary_a, minmay_unequal
D:2:      nicolae_qazlal_style_of_elements, uniq_iyjb
D:3:      fiery_altar_vehumet, hangedman_ru_absence, uniq_crazy_yiuf_cottage,
          uniq_grinder, uniq_sigmund
D:4:      grunt_temple_overflow_bloody_war, zin_scriptorium
D:5:      first_bread, nemelex_spade_bored_becter
D:6:      makhleb_blood_cavern_becter, serial_shops, shop,
          nicolae_shop_overgrown_old_shop, uniq_menkaure, uniq_edmund,
          uniq_duvessa
D:7:      cheibrodos_beetle_habitat, minmay_temple_entry_statues_pillars,
          serial_pond, minmay_pond_plants_j, minmay_pond_plants_l
D:8:      grunt_gozag_breadcrumbs, basic_altar, the_bakery, serial_park_tiny_2
D:9:      serial_shops, nicolae_shop_crystal, centaur_isle, uniq_psyche
D:10:     zombieorc1_lemuel, serial_shops, shop, nicolae_elemental_shop,
          uniq_sonja
D:11:     minmay_diamond_stairs, dpeg_lair_monsters, basic_altar
D:13:     kennysheep_generic_room_15
D:14:     hangedman_vaults_entry_quadrant_bands, hangedman_decor_riveting,
          serial_shops, shop_fountains,
          nicolae_shop_competitors_out_of_business, shop_fountains
D:15:     grunt_enter_depths_giant_problem, roderic_bipointed_swastika
Lair:1:   lemuel_fruit_fields
Lair:2:   minmay_lair_oklob_chamber, lab_entry_generic, grunt_megastairs_5
Lair:3:   st_stairs_13
Lair:4:   nicolae_swamp_entry_splash_gauntlet, spider_nest_entry_funnel_web,
          infiniplex_staircase_pool
Lair:5:   lemuel_fruit_fields, infiniplex_staircase_pool_2, lemuel_fruit_tree,
          uniq_snorg
Lair:8:   evilmike_catoblepas_cave, minmay_slime_entry_oklob_open,
          nicolae_lair_grove_arrangements, serial_bayou_shore_b, uniq_fannar
Swamp:1:  hangedman_swamp_ruin_hall, uniq_asterion
Swamp:2:  evilmike_swamp_ruin_rubble_1, swamp_pool4, ldierk_geyser,
          st_swamp_ruins_4
Swamp:3:  nicolae_swamp_stair_fork
Swamp:4:  portal_ice_cave_entry_imps, nicolae_swamp_treefoil, grunt_hermit_hut
Swamp:5:  swamp_old_school, uniq_nikola
Spider:2: special_room, nicolae_spider_shape, uniq_arachne
Spider:3: nicolae_spider_stair_cavern, uniq_wiglaf, uniq_mara, uniq_donald
Orc:1:    uniq_eustachio
Orc:3:    nicolae_orc_pool_cavern
Orc:4:    grunt_orc_tribal_feast
Elf:1:    elf_arrival_001, hangedman_corner_corridor, uniq_azrael
Elf:2:    serial_shops, bzr_entry_safe
Depths:1: grunt_mini_vestibule, pan_entry, kennysheep_another_room,
          minmay_guarded_unrand_flaming_death
Abyss:1:  evilmike_abyss_exit_5
Bazaar:   bazaar_minmay_mutagenic_fog
IceCv:    ice_cave_caverns_03
